 Dungeon Crawl Stone Soup version 0.28-a0-628-g3c9886e45e (webtiles) character file.

Game seed: 17335945826290612995

34 Tocho the Cutter (level 3, -1/27 HPs)
             Began as a Vampire Gladiator on Sept 28, 2021.
             Slain by an ogre (22 damage)
             ... on level 2 of the Dungeon on Oct 8, 2021.
             The game lasted 00:02:33 (619 turns).

Tocho the Cutter (Vampire Gladiator)                 Turns: 619, Time: 00:02:34

Health: -1/27      AC:  4    Str: 14    XL:     3   Next: 14%
Magic:  3/3        EV: 12    Int: 10    God:
Gold:   61         SH:  0    Dex: 15    Spells: 2/2 levels left

rFire   . . .      SeeInvis +   a - +0 rapier
rCold   . . .      Faith    .   (no shield)
rNeg    . . .      Spirit   .   b - +0 leather armour
rPois   .          Reflect  .   c - +0 helmet
rElec   .          Harm     .   (no cloak)
rCorr   .          Rampage  .   (no gloves)
Will    .....                   (no boots)
Stlth   +.........              (no amulet)
HPRegen 0.29/turn               (no ring)
MPRegen 0.08/turn               (no ring)

@: healing quickly
A: alive, fangs 3, see invisible, vampiric 2
a: Exsanguinate


You were on level 2 of the Dungeon.
You visited 1 branch of the dungeon, and saw 2 of its levels.

You collected 61 gold pieces.

Inventory:

Hand Weapons
 a - a +0 rapier (weapon)
Missiles
 d - 3 throwing nets
 f - 13 poisoned darts (quivered)
Armour
 b - a +0 leather armour (worn)
 c - a +0 helmet (worn)
Jewellery
 e - a ring of positive energy
Wands
 h - a wand of polymorph (8)
Scrolls
 g - a scroll of identify {unknown}


   Skills:
 - Level 1.7 Fighting
 + Level 4.7 Short Blades
 - Level 1.5 Throwing
 - Level 3.2 Dodging


You had 2 spell levels left.
You didn't know any spells.
Your spell library was empty.

Dungeon Overview and Level Annotations

Branches:
Dungeon (2/15)

Altars:


Innate Abilities, Weirdness & Mutations

Your natural rate of healing is accelerated.
You have razor-sharp teeth.
You have supernaturally acute eyesight. (SInv)
You are afflicted with vampirism and can become a bat while bloodless.


Message History

Things that are here:
a +0 short sword; 3 stones No target in view!
You now have 61 gold pieces (gained 10).
An ogre comes into view. It is wielding a +0 giant spiked club.
The ogre shouts!
An ogre is nearby!
A kobold comes into view. It is wielding a +0 dagger.
The kobold shouts!
There are monsters nearby!
You hit the ogre.
The ogre is lightly wounded.
The ogre closely misses you.
You hit the ogre but do no damage.
The ogre is lightly wounded.
You hit the ogre but do no damage.
The ogre is lightly wounded.
The ogre completely misses you.
You hit the ogre.
The ogre is moderately wounded.
The ogre barely misses you.
You barely miss the ogre.
The ogre is lightly wounded.
You barely miss the ogre. Your bite misses the ogre.
The ogre is lightly wounded.
The ogre hits you with a +0 giant spiked club.
You hit the ogre.
The ogre is moderately wounded.
The kobold hits you but does no damage. The ogre barely misses you.
You hit the ogre.
The ogre is moderately wounded.
The kobold hits you with a +0 dagger. The ogre barely misses you.
You hit the ogre but do no damage.
The ogre is moderately wounded.
The kobold hits you with a +0 dagger.
You barely miss the ogre.
The ogre is moderately wounded.
The ogre hits you with a +0 giant spiked club!!
Ouch! That really hurt!
You die...

#.# #...... #.# #.....
#.# #..... ###.#
#...###########....
#...##.............
#...##.....####.#..
######K..$........##.#..
......O@........#.##.##.
######..........#.##(##.
#.#.###..###....#.#
#.......)..†.....##
#..####..###......# #..
#..# ##.#..#. ...
#..###....... #.#.
#............
#.......##.##


You could see an ogre and a kobold.

Vanquished Creatures
  3 ball pythons (D:1)
  3 bats
  An endoplasm (D:1)
  A giant cockroach (D:1)
  3 goblins (D:1)
  4 hobgoblins (D:1)
  3 kobolds
  3 quokkas
  5 frilled lizards (D:1)
  5 rats
  A spectral goblin (D:2)
32 creatures vanquished.

Notes
Turn   | Place    | Note
-------+----------+-------------------------------------------
     0 | D:1      | Tocho the Vampire Gladiator began the quest for the Orb.
     0 | D:1      | Reached XP level 1. HP: 16/16 MP: 1/1
   118 | D:1      | Reached XP level 2. HP: 20/22 MP: 2/2
   129 | D:1      | Reached skill level 4 in Short Blades
   210 | D:1      | Upgraded the game from 0.28-a0-556-gab23d0e057 to
                  | 0.28-a0-563-gf77a47075d
   210 | D:1      | Upgraded the game from 0.28-a0-563-gf77a47075d to
                  | 0.28-a0-628-g3c9886e45e
   420 | D:1      | Gained mutation: You are afflicted with vampirism and can
                  | become a bat while bloodless. [Vampire growth]
   420 | D:1      | Reached XP level 3. HP: 27/27 MP: 3/3
   481 | D:2      | Found a faded altar of an unknown god.
   606 | D:2      | Noticed an ogre
   619 | D:2      | Slain by an ogre

Illustrated notes

Levels and vault maps discovered:
D:1:      dpeg_arrival_tiny_h, layout_rooms, serial_bayou_pond_d
D:2:      layout_loops_ring, dreamdust_ecumenical_altar_drowned_temple

Skill      XL: |  1  2 |
---------------+-------+-----
Short Blades   | 4 |  4.7
Fighting       | |  1.7
Throwing       | |  1.5
Dodging        | |  3.2

Action                   || total
-------------------------++-------
Melee: Rapier            ||    87
       Punch             ||     2
       Bite              ||     2
 Stab: Sleeping          ||     1
Armor: Leather armour    ||    21
Dodge: Dodged            ||    46

Table legend: (Time is in decaauts)
 A = Elapsed time spent in this place.
 B = Non-inter-level travel time spent in this place.
 C = Inter-level travel time spent in this place.
 D = Time resting spent in this place.
 E = Time spent auto-exploring this place.
 F = Levels seen in this place.
 G = Mean time per level.
                   A        B        C        D        E       F      G
               +--------+--------+--------+--------+--------+-----+--------+
         Total |    622 |    622 |      0 |      0 |    420 |   2 |  311.0 |
       Dungeon |    622 |    622 |      0 |      0 |    420 |   2 |  311.0 |
               +--------+--------+--------+--------+--------+-----+--------+

Top non-repeatable levels by time:
     D:1: 467 daAuts
     D:2: 154 daAuts
